 Dungeon Crawl Stone Soup version 0.27.0 (webtiles) character file.

Game seed: 405887358611180977

35 ZARRMARR the Skirmisher (level 3, 0/33 HPs)
             Began as a Hill Orc Fighter on July 30, 2021.
             Slain by Sigmund (4 damage)
             ... on level 2 of the Dungeon.
             The game lasted 00:07:14 (1466 turns).

ZARRMARR the Skirmisher (Hill Orc Fighter)          Turns: 1466, Time: 00:07:14

Health: 0/33       AC:  7    Str: 19    XL:     3   Next: 33%
Magic:  3/3        EV:  9    Int:  8    God:
Gold:   79         SH:  0    Dex: 10    Spells: 2/2 levels left

rFire    . . .     SeeInvis .   f - +0 battleaxe
rCold    . . .     Faith    .   (shield currently unavailable)
rNeg     . . .     Spirit   .   b - +0 scale mail
rPois    .         Reflect  .   (no helmet)
rElec    .         Harm     .   (no cloak)
rCorr    .         Rampage  .   (no gloves)
Will     .....                  (no boots)
Stlth    ..........             (no amulet)
HPRegen  0.11/turn              (no ring)
MPRegen  0.08/turn              (no ring)

@: mighty
A: no striking features
a: no special abilities


You were on level 2 of the Dungeon.
You visited 1 branch of the dungeon, and saw 2 of its levels.

You collected 79 gold pieces.

Inventory:

Hand Weapons
 a - a +0 war axe
 f - a +0 battleaxe (weapon)
Missiles
 g - 43 stones (quivered)
Armour
 b - a +0 scale mail (worn)
 c - a +0 kite shield
Scrolls
 e - 2 scrolls of teleportation
 i - a scroll of vulnerability
 j - 2 scrolls of noise {unknown}
Potions
 h - 2 potions of magic {unknown}


   Skills:
 + Level 3.8 Fighting
 + Level 3.2 Axes
 + Level 0.4 Throwing
 + Level 3.8 Armour
 + Level 0.1 Dodging
 - Level 3.7 Shields


You had 2 spell levels left.
You didn't know any spells.
Your spell library was empty.

Dungeon Overview and Level Annotations

Branches:
Dungeon (2/15)

Altars:

Annotations:
D:2 Sigmund


Message History

The stone hits the dart slug but does no damage.
Throw: 44 stones
Press: ? - help, Q - select action Shift-Dir - straight line, f/p - dart slug
Aim: a dart slug (93% to hit)
You throw a stone. The stone hits the dart slug.
The dart slug is moderately wounded.
You feel very mighty all of a sudden.
Sigmund says, "Look into my eyes."
Sigmund closely misses you.
Things that are here:
a +0 dagger; a goblin corpse You barely miss the dart slug.
The dart slug is moderately wounded.
Sigmund hits you but does no damage.
The dart slug bites you but does no damage.
Sigmund hits you from afar with a +0 scythe.
The dart slug launches a dart at you. The slug dart misses you.
You slice the dart slug!!
You kill the dart slug!
A quokka comes into view.
Sigmund mumbles some strange words.
Sigmund flickers and vanishes!
Deactivating autopickup; reactivate with Ctrl-A.
Something hits you.
You see here a dart slug corpse.
You closely miss something. Something hits you.
Something hits you but does no damage.
You closely miss something. Something hits you but does no damage.
You slash something! Something hits you. Something hits you but does no damage.
The quokka bites you.
You miss something. You closely miss the quokka. The quokka barely misses you.
Something hits you.
You barely miss something. You barely miss the quokka. The quokka bites you.
Something hits you. The quokka bites you. Something hits you.
* * * LOW HITPOINT WARNING * * *
You closely miss something. You barely miss the quokka.
The quokka bites you but does no damage.
Something hits you.
You die...

#....................# #......
#..[.................# #......
#....................# #...)..
#...............##### #......
#..............†########......
#......................#......
########...............#......
#######)................
#.....r@................
#....({....###........##
#....((....# #..........
#..((......# #..........
#..........# #..........
#..........# ####.......
#.#.#.#.#..# #.......
...........# #.......


You could see a quokka.

Vanquished Creatures
  A dart slug (D:2)
  An endoplasm (D:1)
  A giant cockroach (D:2)
  5 goblins
  4 jackals (D:1)
  2 quokkas
  4 ball pythons (D:1)
  5 bats
  4 frilled lizards
  2 kobolds (D:1)
29 creatures vanquished.

Notes
Turn   | Place    | Note
-------+----------+-------------------------------------------
     0 | D:1      | ZARRMARR the Hill Orc Fighter began the quest for the Orb.
     0 | D:1      | Reached XP level 1. HP: 19/19 MP: 1/1
   186 | D:1      | Reached XP level 2. HP: 23/27 MP: 2/2
   464 | D:1      | Found a faded altar of an unknown god.
  1136 | D:2      | Reached XP level 3. HP: 25/33 MP: 3/3
  1452 | D:2      | Noticed Sigmund
  1466 | D:2      | Slain by Sigmund

Illustrated notes

Levels and vault maps discovered:
D:1:      dpeg_arrival_court, layout_loops_cross,
          shapermc_ecumenical_altar_venn, minivault_25, minmay_close_crescents
D:2:      layout_basic, basic_altar, minmay_misc_feat_doors, uniq_sigmund

Skill      XL: |  1  2 |
---------------+-------+-----
Axes           | 3 |  3.2
Fighting       | |  3.8
Throwing       | |  0.4
Armour         | |  3.8
Dodging        | |  0.1
Shields        | |  3.7

Action                   || total
-------------------------++-------
Melee: War axe           ||    81
       Battleaxe         ||    24
Throw: Stone             ||    52
  Use: Scroll            ||     2
       Potion            ||     1
Armor: Scale mail        ||    63
Dodge: Dodged            ||    41
Block: Kite shield       ||    61
